 Dungeon Crawl Stone Soup version 0.30-a0-168-g0b976cbdc4 (webtiles) character file.

Game seed: 11414112114139852550

100 Hubris850 the Chopper (level 4, -3/39 HPs)
             Began as a Hill Orc Fighter on Sept 29, 2022.
             Was a Believer of Lugonu.
             Slain by an orc priest
             ... wielding a +0 trident of pain
              (5 damage)
             ... on level 3 of the Dungeon.
             The game lasted 00:04:23 (2028 turns).

Hubris850 the Chopper (Hill Orc Fighter)            Turns: 2028, Time: 00:04:23

Health: -3/39      AC:  8    Str: 23    XL:     4   Next: 73%
Magic:  5/5        EV:  9    Int: 10    God:    Lugonu [**....]
Gold:   102        SH:  4    Dex: 10    Spells: 3/3 levels left

rFire   . . .      SeeInvis .    o - +8 whip of Ash {freeze, *Corrode rPois Str+3 Int+2}
rCold   . . .      Faith    .    c - +0 buckler
rNeg    . . .      Spirit   .    g - +0 scale mail
rPois   +          Reflect  .    (no helmet)
rElec   .          Harm     .    (no cloak)
rCorr   .          Rampage  .    (no gloves)
Will    .....                    k - +0 pair of boots {Fly}
Stlth   ..........               (no amulet)
HPRegen 0.13/turn                (no ring)
MPRegen 0.09/turn                (no ring)

@: mighty, flying
A: no striking features
a: Renounce Religion, Convert to Beogh, Depart the Abyss, Bend Space


You were on level 3 of the Dungeon.
You worshipped Lugonu.
Lugonu was pleased with you.
You visited 1 branch of the dungeon, and saw 3 of its levels.

You collected 102 gold pieces.

Inventory:

Hand Weapons
 a - a +0 war axe
 b - a +0 sling
 o - the +8 whip of Ash (weapon) {freeze, *Corrode rPois Str+3 Int+2}
   (You found it on level 3 of the Dungeon)

   It freezes those it strikes, dealing additional cold damage.
   It can also slow down cold-blooded creatures.
   Str:       It affects your strength (+3).
   Int:       It affects your intelligence (+2).
   rPois:     It protects you from poison.
   *Corrode:  It may corrode you when you take damage.
Missiles
 m - 5 boomerangs
Armour
 c - a +0 buckler (worn)
 g - a +0 scale mail (worn)
 k - a +0 pair of boots of flying (worn)
Scrolls
 h - a scroll of fear {unknown}
 l - a scroll of identify {unknown}
 n - a scroll of blinking {unknown}
Potions
 d - a potion of might
 e - a potion of degeneration {unknown}
 f - a potion of brilliance {unknown}
 i - a potion of cancellation {unknown}
 j - 2 potions of heal wounds {unknown}


   Skills:
 - Level 3.6 Fighting
 + Level 4.5 Axes
 + Level 0.8 Throwing
 - Level 3.2 Armour
 + Level 4.4 Shields
 + Level 1.5 Invocations


You had 3 spell levels left.
You didn't know any spells.
Your spell library contained the following spells:

 Spells                   Type           Power      Damage    Failure   Level
 Freeze                   Ice            0%         1d3       77%         1
 Frozen Ramparts          Ice            0%         1d1       98%         3
 Hailstorm                Conj/Ice       0%         3d3       98%         3


Dungeon Overview and Level Annotations

Branches:
Dungeon (3/15)

Altars:
Dithmenos
Zin
Lugonu


Message History

You reach down and open the door.
There is an open door here.
An orc priest and 2 orcs come into view.
The orc priest is wielding a +0 trident of pain.
An orc is wielding a +2 vorpal mace.
The orc shouts!
The orc priest shouts, "Join the one true god or die!" (press Y on the ability menu to convert to Beogh)
The orc priest shouts!
The orc shouts!
An orc comes into view. It is wielding a +0 flail.
The orc priest mumbles some strange prayers to Beogh against you.
You barely resist.
The orc moves out of view.
An orc comes into view. It is wielding a +0 short sword.
Found a scroll labelled XEUPA XAMESUGH.
The orc shouts!
The orc priest mumbles some strange prayers to Beogh against you.
Pain shoots through your body!
The orc moves out of view.
You hit the orc but do no damage. The orc hits you with a +0 flail.
The orc priest barely misses you. The orc hits you with a +0 dagger.
You hit the orc. You freeze the orc.
The orc is moderately wounded.
You block the orc's attack. The orc barely misses you.
The orc priest looks satisfied for a moment.
You hit the orc but do no damage.
The orc is moderately wounded.
The orc barely misses you.
The orc priest mumbles some strange prayers to Beogh against you.
Beogh smites you! The orc closely misses you.
You whack the orc! You freeze the orc.
You kill the orc!
Lugonu accepts your kill. You block the orc's attack.
The orc priest invokes the aid of Beogh against you.
Beogh smites you!
* * * LOW HITPOINT WARNING * * *
You don't have enough health at the moment.
You feel very mighty all of a sudden. The orc barely misses you.
The orc priest hits you from afar with a +0 trident of pain.
You die...

.#
#.##..##.###.......#
.# #........#
##.....## .#
####.##### ##...##
.# # ###'####### ##
#.........# #
#.#.#####.# #.#
#.#.#####.
###..o##..........
...?.oo@.....###.#
###...##o...## #.#
#.#.## .. #.### #
#.. ###


You could see an orc priest and 3 orcs.

Vanquished Creatures
  A hound (D:3)
  An adder (D:2)
  2 orcs (D:3)
  3 ball pythons
  2 bats (D:1)
  2 endoplasms (D:1)
  3 giant cockroaches
  6 goblins
  6 hobgoblins
  4 jackals
  6 quokkas
  6 frilled lizards
  4 kobolds
  7 rats
53 creatures vanquished.

Notes
Turn   | Place    | Note
-------+----------+-------------------------------------------
     0 | D:1      | Hubris850 the Hill Orc Fighter began the quest for the Orb.
     0 | D:1      | Reached XP level 1. HP: 19/19 MP: 1/1
   112 | D:1      | Reached XP level 2. HP: 26/26 MP: 2/2
   361 | D:1      | Found a faded altar of an unknown god.
   368 | D:1      | Prayed at the altar of an unknown god.
   368 | D:1      | Became a worshipper of Lugonu the Unformed
   368 | D:1      | Reached * piety under Lugonu
   368 | D:1      | Reached ** piety under Lugonu
   585 | D:1      | Reached XP level 3. HP: 26/31 MP: 3/3
   783 | D:2      | Found a glowing silver altar of Zin.
  1469 | D:2      | Reached XP level 4. HP: 39/39 MP: 4/4
  1781 | D:3      | Reached skill level 1 in Invocations
  1927 | D:3      | Identified the +8 whip of Ash {freeze, *Corrode rPois Str+3
                  | Int+2}
  1977 | D:3      | Found a shadowy altar of Dithmenos.
  2028 | D:3      | Slain by an orc priest

Illustrated notes

Levels and vault maps discovered:
D:1:      evilmike_arrival_crescent, layout_loops_ring,
          shapermc_ecumenical_altar_venn
D:2:      layout_basic, basic_altar, minivault_23
D:3:      layout_loops_corners, fedhas_altar_2,
          grunt_dithmenos_smoke_and_mirrors, serial_shops, nicolae_square_shop,
          uniq_crazy_yiuf_cottage

Skill      XL: |  1  2  3  4 |
---------------+-------------+-----
Axes           | 3 4 |  4.5
Shields        | 4 |  4.4
Invocations    | 1 |  1.5
Fighting       | |  3.6
Throwing       | |  0.8
Armour         | |  3.2

Action                   |  1- 3 |  4- 6 || total
-------------------------+-------+-------++-------
Melee: War axe           |   109 |    18 ||   127
       Whip              |       |     9 ||     9
 Fire: Sling             |     3 |       ||     3
  Use: Potion            |       |     1 ||     1
Armor: Scale mail        |    45 |    11 ||    56
Dodge: Dodged            |    62 |    12 ||    74
Block: Buckler           |    20 |     3 ||    23

Table legend: (Time is in decaauts)
 A = Elapsed time spent in this place.
 B = Non-inter-level travel time spent in this place.
 C = Inter-level travel time spent in this place.
 D = Time resting spent in this place.
 E = Time spent auto-exploring this place.
 F = Levels seen in this place.
 G = Mean time per level.
                   A        B        C        D        E       F      G
               +--------+--------+--------+--------+--------+-----+--------+
         Total |   2073 |   2048 |     25 |      0 |   1699 |   3 |  691.0 |
       Dungeon |   2073 |   2048 |     25 |      0 |   1699 |   3 |  691.0 |
               +--------+--------+--------+--------+--------+-----+--------+

Top non-repeatable levels by time:
     D:2: 955 daAuts
     D:1: 801 daAuts
     D:3: 316 daAuts
